Map: Cyber Forest LE

Players

souL

  • Race: Terran Terran
  • Spawn Location: 5:00

SortOf - Winner!

  • Race: Zerg Zerg
  • Spawn Location: 11:00

Event: 2019 WCS Spring

VOD

Have the link to the VOD?

Description

Time

  • Played on: May 17, 2019, 9:45 a.m.
  • Length: 16:02

All games in this series

Show
View Real Time Build Order
Export as new Build Order

souL Terran 

Build Orders: Gas First Reaper Expand, Liberator Opening 

Get SALT Encoding   

  12  0:00  SCV  
  13  0:12  SCV  
  14  0:17  Supply Depot  
  14  0:24  SCV  
  15  0:32  Refinery  
  15  0:38  SCV  
  16  0:45  Barracks  
  16  0:50  SCV  
  17  1:02  SCV  
  18  1:16  SCV  
  19  1:31  Reaper  
  19  1:32  Orbital Command  
  20  1:45  Command Center  
  20  1:56  Factory  
  20  1:59  SCV  
  21  2:09  Barracks Reactor  
  21  2:12  Supply Depot  
  21  2:14  SCV  
  22  2:18  Refinery  
  22  2:26  SCV  
  23  2:38  SCV  
  24  2:49  Starport  
  24  2:50  SCV  
  25  2:54  Hellion x2  
  29  3:02  SCV  
  30  3:08  Orbital Command  
  30  3:10  Barracks Tech Lab  
  29  3:16  Hellion x2  
  29  3:19  SCV  
  34  3:28  Viking  
  34  3:31  Stimpack  
  34  3:33  SCV  
  37  3:37  SCV  
  38  3:44  Supply Depot  
  38  3:45  SCV  
  39  3:48  Liberator  
  39  3:49  SCV  
  39  3:54  Hellion x2  
  44  3:57  SCV  
  44  4:01  SCV  
  46  4:05  Marine  
  46  4:09  SCV  
  51  4:10  Supply Depot  
  51  4:13  SCV  
  52  4:22  SCV  
  52  4:23  Marine  
  54  4:31  SCV  
  54  4:32  Supply Depot, Factory Tech Lab  
  54  4:34  Command Center  
  55  4:40  SCV  
  55  4:41  Marine  
  57  4:48  SCV  
  57  4:50  Starport Reactor, Barracks  
  58  4:53  SCV  
  58  4:58  Barracks  
  58  4:59  Marine  
  60  5:00  SCV  
  60  5:05  SCV, Engineering Bay x2  
  62  5:12  SCV  
  62  5:13  Supply Depot, Refinery  
  63  5:17  SCV, Marine  
  65  5:24  SCV  
  64  5:29  SCV  
  64  5:32  Terran Infantry Weapons Level 1, Terran Infantry Armor Level 1  
  64  5:34  Siege Tank, Marine  
  69  5:36  SCV  
  69  5:41  SCV  
  69  5:42  Combat Shield  
  63  5:45  Marine x2  
  61  5:51  SCV  
  61  5:52  Marine  
  61  5:53  Orbital Command  
  61  5:55  Refinery  
  60  5:57  Starport Reactor  
  60  6:01  SCV  
  60  6:02  Marine x2  
  63  6:06  Siege Tank  
  63  6:08  Barracks Reactor  
  63  6:10  Marine  
  67  6:11  Medivac  
  67  6:14  Medivac  
  67  6:16  SCV x2  
  67  6:17  Orbital Command  
  73  6:20  Marine x2  
  75  6:27  Supply Depot  
  75  6:28  Supply Depot, Marine  
  75  6:29  SCV  
  75  6:30  SCV  
  75  6:31  Barracks  
  75  6:32  Barracks  
  78  6:38  Marine x2  
  80  6:41  SCV  
  80  6:42  SCV x2  
  80  6:45  Marine  
  80  6:46  Marine  
  85  6:48  Marine  
  85  6:52  Armory  
  85  6:53  SCV  
  87  6:54  SCV  
  87  6:55  SCV  
  87  6:56  Marine x2  
  91  7:03  Marine x2  
  91  7:04  Medivac  
  91  7:05  SCV, Medivac  
  91  7:06  SCV, Marine  
  100  7:11  Supply Depot x2  
  100  7:14  Marine x2  
  102  7:16  SCV, Supply Depot  
  102  7:17  Supply Depot  
  102  7:21  Marine x2  
  105  7:24  Marine  
  105  7:25  Barracks Reactor  
  105  7:26  SCV  
  105  7:28  Barracks Reactor  
  107  7:30  SCV  
  107  7:31  Marine  
  107  7:32  Command Center, Marine  
  110  7:38  Marine  
  110  7:39  Marine  
  110  7:42  Marine  
  113  7:49  Marine  
  113  7:50  Marine  
  113  7:51  Terran Infantry Weapons Level 2, Factory, Refinery x2  
  115  7:56  Marine  
  115  7:57  Marine  
  108  8:00  Marine  
  108  8:05  Marine x4  
  107  8:07  Terran Infantry Armor Level 2, Marine  
  107  8:08  Marine  
  109  8:14  Marine  
  109  8:15  Marine  
  109  8:18  Marine  
  108  8:22  Siege Tank  
  108  8:23  Marine x4  
  108  8:25  SCV x2, Marine x2  
  108  8:26  Terran Vehicle And Ship Armor Level 1  
  119  8:29  Medivac x2  
  119  8:30  SCV  
  119  8:32  Marine  
  119  8:33  Marine  
  126  8:37  SCV x2, Marine  
  126  8:40  Marine  
  126  8:41  Marine  
  128  8:43  SCV, Factory Tech Lab  
  128  8:44  Marine  
  130  8:49  SCV  
  130  8:50  SCV  
  130  8:55  Siege Tank, Marine  
  136  8:56  SCV  
  136  8:59  Supply Depot  
  136  9:02  SCV x2  
  139  9:03  Supply Depot  
  139  9:04  Medivac x2  
  139  9:06  Supply Depot  
  139  9:09  Siege Tank  
  146  9:13  Planetary Fortress  
  146  9:14  SCV x2  
  148  9:24  Sensor Tower x2  
  148  9:25  Marine  
  148  9:26  Supply Depot  
  148  9:27  Siege Tank  
  152  9:37  Barracks x2, Marine  
  153  9:40  Barracks  
  153  9:41  Siege Tank  
  156  9:47  Marine  
  156  9:48  Marine  
  156  9:51  Marine  
  159  9:56  Supply Depot  
  159  9:59  Siege Tank  
  161  10:07  Refinery  
  161  10:08  Refinery  
  161  10:09  Command Center, Marine  
  161  10:10  Marauder  
  161  10:14  Siege Tank  
  163  10:23  Command Center  
  163  10:25  Terran Infantry Weapons Level 3  
  163  10:30  Barracks Tech Lab x3  
  163  10:31  Siege Tank  
  163  10:33  Marine  
  163  10:34  Marauder, Supply Depot, Marine x2  
  171  10:36  Marine  
  170  10:43  Marine  
  170  10:46  Siege Tank  
  170  10:48  Marauder, Marine  
  175  10:50  Marine  
  175  10:51  Marauder  
  175  10:56  Marauder  
  180  10:57  Marine  
  180  10:58  Marine  
  180  11:03  Marine  
  180  11:04  Siege Tank  
  185  11:10  Fusion Core  
  177  11:12  Starport x2  
  177  11:16  Ghost Academy  
  176  11:25  Orbital Command  
  176  11:29  Missile Turret  
  176  11:32  Viking x2, Missile Turret  
  176  11:36  Siege Tank  
  179  11:44  Command Center  
  176  11:58  Starport Reactor, Starport Tech Lab  
  176  12:02  Viking  
  176  12:06  Ghost x4  
  186  12:17  Missile Turret  
  186  12:18  Viking x2, Missile Turret, Refinery  
  186  12:19  Missile Turret  
  186  12:20  Missile Turret  
  186  12:21  Sensor Tower  
  186  12:22  Terran Ship Weapons Level 1  
  190  12:26  Planetary Fortress  
  189  12:32  Viking  
  189  12:34  Marine  
  189  12:35  Ghost  
  194  12:39  Marauder  
  194  12:41  Marauder x2  
  194  12:43  Liberator  
  200  12:45  Liberator  
  200  12:46  Liberator  
  200  12:50  Marine  
  200  12:53  Marine  
  200  12:55  Marine  
  169  12:58  Siege Tank  
  175  13:11  Viking  
  175  13:12  SCV x4  
  181  13:15  Ghost x4  
  181  13:16  Marine  
  178  13:20  Marine  
  178  13:24  SCV x2  
  181  13:28  Liberator  
  181  13:29  Planetary Fortress  
  181  13:32  Missile Turret  
  181  13:34  Missile Turret, Liberator  
  181  13:38  Command Center  
  181  13:39  Sensor Tower  
  181  13:40  Siege Tank  
  181  13:41  Viking  
  184  13:43  Viking  
  184  13:44  Ghost x2  
  196  14:00  Marauder x2  
  200  14:14  Command Center  
  200  14:16  Neosteel Armor  
  200  14:18  Command Center  
  200  14:29  Command Center  
  200  14:32  Supply Depot  
  200  14:33  Supply Depot x2  
  197  14:41  Ghost  
  190  14:48  Viking x2  
  190  14:50  Marine  
  190  14:51  Marauder  
  186  14:54  Marine x8  
  186  14:55  Marauder  
  155  15:08  Marine  
  155  15:10  Marine  
  155  15:12  Marauder, Ghost, Marine x4  
  155  15:13  Marine  
  149  15:15  Marine  
  149  15:16  Marauder  
  138  15:22  Marine  
  138  15:26  Marine  
  129  15:29  Marauder  
  129  15:30  Marine x2  
  129  15:33  Marauder  
  135  15:36  Marine  
  135  15:37  Marauder  
  135  15:38  Marine x3  
  135  15:40  Marine  
  135  15:41  Marauder  
Show
View Real Time Build Order
Export as new Build Order

SortOf Zerg - Winner!

Build Orders: Hatch First, Brood Lord Corruptor 

Get SALT Encoding   

  12  0:01  Drone  
  13  0:13  Overlord  
  13  0:19  Drone  
  14  0:32  Drone x2  
  16  0:49  Hatchery  
  15  0:53  Drone  
  17  0:57  Drone  
  17  1:00  Drone  
  18  1:15  Spawning Pool  
  18  1:18  Drone  
  18  1:20  Extractor  
  18  1:23  Drone  
  18  1:29  Drone  
  19  1:39  Drone  
  20  1:50  Overlord  
  20  2:03  Queen x2  
  20  2:04  Zergling x4  
  26  2:12  Drone x2  
  28  2:28  Drone  
  28  2:29  Drone  
  30  2:36  Hatchery, Drone  
  30  2:38  Drone  
  30  2:42  Spore Crawler  
  30  2:46  Spore Crawler  
  30  2:49  Drone  
  32  2:53  Drone  
  32  2:54  Overlord  
  32  2:55  Metabolic Boost  
  32  3:04  Drone  
  33  3:06  Drone  
  33  3:08  Queen  
  36  3:15  Drone  
  36  3:16  Drone  
  38  3:20  Queen  
  38  3:24  Drone  
  41  3:27  Drone  
  41  3:29  Drone x2  
  44  3:35  Overlord  
  44  3:44  Overlord  
  44  3:47  Queen  
  47  3:48  Drone x3  
  49  3:56  Drone x2  
  49  3:57  Queen  
  49  3:58  Drone  
  54  4:04  Overlord  
  54  4:09  Zergling x4, Baneling Nest  
  55  4:10  Zergling x2  
  55  4:14  Overlord  
  55  4:16  Drone x2  
  58  4:21  Overlord  
  58  4:22  Overlord  
  58  4:24  Drone  
  58  4:28  Drone x2  
  58  4:31  Drone x2  
  63  4:32  Drone  
  64  4:38  Drone  
  64  4:43  Spore Crawler  
  64  4:46  Overlord  
  64  4:48  Queen  
  64  4:50  Drone x2  
  64  4:51  Drone  
  69  4:55  Drone x2  
  69  4:56  Baneling x3  
  69  4:57  Evolution Chamber, Baneling  
  69  4:58  Evolution Chamber  
  69  5:04  Drone x2  
  71  5:07  Drone  
  71  5:08  Drone  
  71  5:12  Zergling x8  
  77  5:24  Zergling x4  
  77  5:25  Zergling x2  
  77  5:26  Hatchery  
  78  5:31  Zerg Melee Weapons Level 1  
  78  5:32  Drone x6  
  84  5:36  Drone  
  84  5:37  Drone  
  82  5:43  Drone  
  82  5:44  Drone x4  
  82  5:46  Drone x2  
  82  5:48  Drone  
  82  5:49  Drone  
  89  5:53  Zerg Ground Armor Level 1  
  89  5:55  Overlord  
  89  5:57  Extractor  
  89  5:58  Extractor  
  89  6:01  Overlord  
  87  6:06  Overlord, Extractor x3  
  87  6:08  Drone x5  
  89  6:17  Drone x2  
  91  6:20  Drone x2  
  91  6:25  Zergling x4  
  95  6:26  Lair  
  95  6:33  Zergling x12  
  95  6:36  Queen  
  95  6:39  Drone x7  
  110  6:41  Baneling x2  
  110  6:42  Baneling x4  
  110  6:43  Overlord  
  110  6:49  Zergling x4  
  112  6:54  Zergling x4  
  112  6:58  Overlord  
  114  7:03  Zergling x10  
  119  7:11  Zergling x16  
  119  7:15  Baneling x2  
  125  7:26  Zergling x12  
  125  7:29  Zerg Melee Weapons Level 2  
  131  7:35  Zergling x4  
  131  7:36  Zergling x6, Hydralisk Den  
  135  7:37  Overlord  
  135  7:38  Overlord  
  135  7:43  Baneling  
  135  7:44  Baneling x9  
  130  7:46  Overlord  
  130  7:47  Overlord  
  130  7:49  Zergling x10  
  130  7:51  Zerg Ground Armor Level 2  
  124  8:02  Zergling x14  
  131  8:09  Muscular Augments  
  131  8:10  Drone x2  
  131  8:11  Infestation Pit, Drone x3  
  131  8:12  Extractor  
  134  8:16  Hydralisk x7  
  134  8:17  Hydralisk  
  143  8:23  Drone x3  
  146  8:30  Zergling x4  
  146  8:34  Overseer  
  147  8:39  Queen  
  146  8:43  Overlord  
  146  8:44  Hydralisk x10  
  166  8:53  Centrifical Hooks  
  166  8:55  Zergling x6  
  167  9:04  Drone x3  
  167  9:05  Overlord  
  170  9:10  Hive  
  170  9:12  Hatchery  
  169  9:17  Overseer  
  169  9:18  Baneling x12  
  169  9:19  Zergling x12  
  175  9:25  Extractor  
  175  9:27  Overlord  
  175  9:28  Zergling x16  
  182  9:43  Grooved Spines, Spire  
  182  9:45  Overlord, Drone x2  
  183  9:46  Zerg Missile Weapons Level 1  
  182  10:07  Zergling x36  
  195  10:25  Zerg Ground Armor Level 3  
  195  10:27  Overlord  
  195  10:28  Viper  
  195  10:29  Extractor, Adrenal Glands  
  195  10:33  Baneling x7  
  190  11:00  Zergling x50  
  200  11:08  Spore Crawler  
  200  11:11  Greater Spire  
  191  11:35  Spore Crawler, Viper  
  193  11:40  Zerg Melee Weapons Level 3  
  193  11:41  Nydus Network, Pneumatized Carapace, Overseer  
  193  11:42  Hatchery  
  191  11:54  Extractor  
  189  11:58  Zergling x22  
  189  11:59  Baneling x22  
  199  12:32  Nydus Canal  
  199  12:37  Zerg Flyer Weapons Level 1  
  198  12:47  Corruptor  
  184  12:53  Corruptor  
  184  12:54  Corruptor x14  
  184  12:56  Zergling x4  
  184  12:57  Zergling x20  
  193  12:59  Zergling x18  
  193  13:01  Zerg Missile Weapons Level 2  
  178  13:12  Zergling x10  
  175  13:26  Brood Lord x6  
  187  13:31  Brood Lord  
  189  13:34  Extractor  
  189  13:39  Extractor, Brood Lord  
  189  13:41  Brood Lord  
  190  13:43  Overlord  
  190  13:45  Nydus Canal  
  190  13:51  Overlord  
  190  13:53  Nydus Canal  
  190  13:54  Brood Lord  
  192  13:59  Drone x3  
  192  14:02  Overlord x2  
  195  14:03  Hydralisk  
  195  14:04  Corruptor  
  195  14:06  Baneling x3  
  195  14:07  Baneling x2  
  199  14:13  Nydus Canal  
  199  14:15  Burrow  
  199  14:22  Overseer  
  199  14:37  Corruptor x4  
  187  14:48  Corruptor  
  180  14:52  Corruptor  
  180  14:53  Corruptor x7  
  186  15:00  Zergling x30  
  182  15:09  Zergling x2  
  182  15:10  Zergling x18  
  177  15:18  Zergling x8  
  177  15:20  Zergling x4  
  172  15:25  Zergling x2  
  172  15:28  Corruptor  
  170  15:30  Overseer  
  170  15:32  Baneling  
  170  15:33  Baneling  
  154  15:49  Drone  
Tags
 
Add a new tag
Caveats
  • Supply blocks, unpowered buildings, or Contaminate may cause inaccurate times.
  • Supply counts are checked every 10 seconds.